 Dungeon Crawl Stone Soup version 0.28.0-45-g0d030f2227 (webtiles) character file.

Game seed: 13919018516450465711

31 OrbIsHorse the Digger (level 3, 0/31 HPs)
             Began as a Troll Earth Elementalist on Apr 11, 2022.
             Succumbed to an adder's poison
             ... on level 2 of the Dungeon.
             The game lasted 00:06:52 (907 turns).

OrbIsHorse the Digger (Troll Earth Elementalist)     Turns: 907, Time: 00:06:52

Health: 0/31       AC:  4    Str: 16    XL:     3   Next: 7%
Magic:  0/4        EV: 10    Int: 13    God:
Gold:   78         SH:  0    Dex: 10    Spells: 1/4 levels left

rFire   . . .      SeeInvis .   a - +0 hand axe
rCold   . . .      Faith    .   (no shield)
rNeg    . . .      Spirit   .   b - +0 robe
rPois   .          Reflect  .   (helmet restricted)
rElec   .          Harm     .   (no cloak)
rCorr   .          Rampage  .   (gloves unavailable)
Will    .....                   (boots unavailable)
Stlth   +.........              (no amulet)
HPRegen 0.90/turn               (no ring)
MPRegen 0.09/turn               (no ring)

@: lethally poisoned (0 -> -5), very slightly contaminated
A: large, unfitting armour, claws 3, regeneration 1, shaggy fur 1, tough skin 1
a: no special abilities


You were on level 2 of the Dungeon.
You visited 1 branch of the dungeon, and saw 2 of its levels.

You collected 78 gold pieces.

Inventory:

Hand Weapons
 a - a +0 hand axe (weapon)
 d - a +0 dagger
 e - a +0 dagger
 f - a +0 whip
 g - a +0 dagger
 k - a +0 short sword
Missiles
 c - 68 stones
 j - 15 sling bullets
Armour
 b - a +0 robe (worn)
 h - a +0 pair of gloves
Potions
 i - a potion of curing {unknown}


   Skills:
 + Level 0.2 Fighting
 + Level 0.5 Axes
 + Level 1.9 Dodging
 + Level 1.2 Stealth
 + Level 1.4 Spellcasting
 + Level 0.6 Transmutations
 + Level 3.1 Earth Magic


You had one spell level left.
You knew the following spells:

 Your Spells              Type           Power      Damage    Failure   Level
a - Sandblast             Erth           18%        2d7       8%          1
b - Passwall              Tmut/Erth      4%         N/A       19%         2

Your spell library contained the following spells:

 Spells                   Type           Power      Damage    Failure   Level
 Stone Arrow              Conj/Erth      8%         3d7       41%         3
 Petrify                  Tmut/Erth      5%         N/A       77%         4


Dungeon Overview and Level Annotations

Branches:
Dungeon (2/15)

Altars:


Innate Abilities, Weirdness & Mutations

You are too large for most types of armour.
You have claws for hands.
Your natural rate of healing is unusually fast.
You are covered in fur. (AC +1)
You have tough skin. (AC +1)


Message History

You barely miss the adder. The adder closely misses you.
The worm barely misses you. The adder closely misses you.
You hit the worm.
You kill the worm!
You miss the adder. The adder closely misses you.
You have reached level 3!
Your experience leads to an increase in your attributes!
Increase (S)trength, (I)ntelligence, or (D)exterity?
You feel clever. x2; You feel stronger.
You closely miss the adder.
The adder is almost dead.
The adder bites you.
You are poisoned.
The adder poisons you! The adder barely misses you.
You closely miss the adder.
The adder is almost dead.
You feel sick. The adder bites you. x2
You are more poisoned.
The adder poisons you!
Casting: Sandblast (safe; 8% risk of failure)
Confirm with . or Enter, or press ? or * to list all spells.
Aiming: Sandblast (safe; 8% risk of failure)
Press: ? - help, Shift-Dir - straight line, f/p - adder
Aim: an adder (almost dead, 63% to hit)
You miscast Sandblast.
You are very lightly contaminated with residual magic.
Nothing appears to happen.
You feel very sick. The adder bites you.
You are more poisoned.
The adder poisons you!
You miss the adder.
The adder is almost dead.
* * * LOW HITPOINT WARNING * * *
You feel very sick. The adder barely misses you. The adder bites you.
* * * LOW HITPOINT WARNING * * *
You closely miss the adder.
The adder is almost dead.
You die...

#........#
#........#
#........#
+........
....... ###
#....# ....
#....#.....
#.S..#.....
##†@).......
#...........
#####.#..####
####........#
#<..###..#..#
#.#.###.....#
#.#.....###....
#.#####.# ....
### #.# ####


You could see an adder.

Vanquished Creatures
  A worm (D:2)
  A dart slug (D:1)
  3 endoplasms (D:1)
  3 giant cockroaches (D:1)
  A goblin (D:1)
  2 hobgoblins (D:1)
  5 kobolds
  5 ball pythons
  A bat (D:2)
  A frilled lizard (D:1)
23 creatures vanquished.

Vanquished Creatures (others)
  2 plants (D:2)
  2 withered plants (D:2)
4 creatures vanquished.

Grand Total: 27 creatures vanquished

Notes
Turn   | Place    | Note
-------+----------+-------------------------------------------
     0 | D:1      | OrbIsHorse the Troll Earth Elementalist began the quest for
                  | the Orb.
     0 | D:1      | Reached XP level 1. HP: 16/16 MP: 1/1
     2 | D:1      | Noticed a human
     2 | D:1      | Noticed a merfolk
     4 | D:1      | Noticed a vampire
     4 | D:1      | Noticed a spriggan
     8 | D:1      | Noticed an octopode
    10 | D:1      | Noticed an ogre
    14 | D:1      | Noticed a minotaur
    14 | D:1      | Noticed a ghoul
    16 | D:1      | Noticed a troll
    16 | D:1      | Noticed a dwarf
    18 | D:1      | Noticed a tengu
    18 | D:1      | Noticed a vine stalker
    20 | D:1      | Noticed a gargoyle
    20 | D:1      | Noticed a felid
    22 | D:1      | Noticed an elf
    22 | D:1      | Noticed a formicid
    24 | D:1      | Noticed a demigod
    26 | D:1      | Noticed a demonspawn
    26 | D:1      | Noticed a naga
    28 | D:1      | Noticed a draconian
   203 | D:1      | Reached XP level 2. HP: 24/24 MP: 2/2
   366 | D:1      | Learned a level 2 spell: Passwall
   708 | D:1      | Reached skill level 3 in Earth Magic
   903 | D:2      | Reached XP level 3. HP: 22/31 MP: 1/4
   907 | D:2      | Succumbed to an adder's poison

Illustrated notes

Levels and vault maps discovered:
D:1:      kb_arrival_jail, layout_basic
D:2:      layout_basic, shapermc_ecumenical_altar_flowoftime,
          chequers_serial_rivers_room_a, uniq_natasha

Skill      XL: |  1  2 |
---------------+-------+-----
Earth Magic    | 3 |  3.1
Fighting       | |  0.2
Axes           | |  0.5
Dodging        | |  1.9
Stealth        | |  1.2
Spellcasting   | |  1.4
Transmutations | |  0.6

Action                   || total
-------------------------++-------
Melee: Hand axe          ||    71
 Cast: Sandblast         ||    14
       Passwall          ||     1
Armor: Robe              ||    29
Dodge: Dodged            ||    62
